 Dungeon Crawl Stone Soup version 0.30-a0-462-gd5975efbca (webtiles) character file.

Game seed: 8068188426783913241

906 tilp the Ducker (level 8, -2/102 HPs)
             Began as a Meteoran Fighter on Dec 16, 2022.
             Was an Initiate of Makhleb.
             Slain by a komodo dragon (23 damage)
             ... on level 6 of the Dungeon.
             The game lasted 00:10:55 (1713 turns).

tilp the Ducker (Meteoran Fighter)                  Turns: 1713, Time: 00:10:56

Health: -2/102     AC: 24    Str: 18    XL:     8   Next: 54%
Magic:  9/9        EV:  2    Int:  9    God:    Makhleb [......]
Gold:   118        SH:  5    Dex: 16    Spells: 7/7 levels left

rFire   . . .      SeeInvis .    a - +0 long sword
rCold   . . .      Faith    .    c - +0 buckler
rNeg    . . .      Spirit   .    (body armour currently unavailable)
rPois   +          Reflect  .    (helmet currently unavailable)
rElec   .          Harm     .    (cloak currently unavailable)
rCorr   .          Rampage  .    (gloves currently unavailable)
Will    +....      NoTele   +    (boots currently unavailable)
Stlth   +.........               (no amulet)
HPRegen 0.37/turn                (no ring)
MPRegen 0.11/turn                (no ring)

@: mighty, tree-form, glowing
A: stationary, stasis, torment immunity, boosted hp, sense surroundings 1,
otherworldly, glowing, explore regen
a: Renounce Religion


You were on level 6 of the Dungeon.
You worshipped Makhleb.
Makhleb was noncommittal.
You were a tree.
You visited 2 branches of the dungeon, and saw 8 of its levels.
You also visited: Sewer.

You collected 118 gold pieces.

Inventory:

Hand Weapons
 a - a +0 long sword (weapon)
 h - the +5 spear of the People {spect, rF+ Dex+5}
   (You found it on level 3 of the Dungeon)

   When its wielder attacks, the weapon's spirit leaps out and strikes again.
   The spirit shares a part of any damage it takes with its wielder.
   Dex:       It affects your dexterity (+5).
   rF:        It protects you from fire.
Missiles
 n - 3 poisoned darts
 p - 2 boomerangs (quivered)
Armour
 c - a +0 buckler (worn)
 e - a +0 helmet (melded)
 j - a +0 chain mail (melded)
 r - a +0 pair of boots (melded)
Jewellery
 s - a ring of ice
Scrolls
 f - a scroll of teleportation
 l - a scroll of vulnerability {unknown}
 m - a scroll of brand weapon {unknown}
 t - a scroll of identify
 v - 3 scrolls of amnesia
Potions
 b - 2 potions of mutation
 i - a potion of magic
 k - a potion of ambrosia
 o - a potion of degeneration {unknown}
 q - a potion of lignification
 u - a potion of curing


   Skills:
 + Level 5.1 Fighting
 + Level 5.3 Long Blades
 - Level 4.0 Armour
 + Level 5.3 Dodging
 + Level 3.0 Stealth
 - Level 4.0 Shields
 + Level 3.2 Evocations


You had 7 spell levels left.
You didn't know any spells.
Your spell library contained the following spells:

 Spells                   Type           Power      Damage    Failure   Level
 Sting                    Tmut/Pois      0%         1d3       45%         1
 Poisonous Vapours        Pois/Air       0%         N/A       61%         2
 Olgreb's Toxic Radiance  Pois           0%         N/A       99%         4


Dungeon Overview and Level Annotations

Branches:
Dungeon (7/15) Zot: 2736   Temple (1/1) D:6 Zot: 558   Sewer (visited)

Altars:
Ashenzari
Gozag
Kikubaaqudgha
Makhleb
Qazlal
Ru
Sif Muna
Uskayaw
Vehumet
Wu Jian
Xom
Yredelemnul
Ignis


Innate Abilities, Weirdness & Mutations

You are a tree.
Your roots penetrate the ground, keeping you stationary.
You cannot be teleported.
You are immune to unholy pain and torment.
Your maximum health is greatly increased.
Your equipment is partially melded.
You passively map a small area around you.
You are easily found by Zot.
You glow in the dark.
You regain HP and MP as you explore.


Message History

You hit the komodo dragon but do no damage.
The orc closely misses you. The komodo dragon bites you!!
You block the orc's attack. The orc hits you with a +0 hand axe.
The komodo dragon attacks as you move away!
The komodo dragon barely misses you.
Okay, then.
Aiming: Paralyse
Press: ? - help, Shift-Dir - straight line, f - komodo dragon
Aim: a komodo dragon (chance to affect: 39%)
The komodo dragon resists with some effort.
The now-empty wand crumbles to dust.
The komodo dragon barely misses you.
Unknown command.
Unknown command.
You aren't carrying any items that you can evoke.
You feel very mighty all of a sudden. The komodo dragon bites you!
Unknown command.
Really quaff the potion of lignification?
You turn into a tree.
Your +0 helmet melds into your body.
Your +0 pair of boots melds into your body.
Your +0 chain mail melds into your body.
Your roots penetrate the ground.
The komodo dragon bites you!!
* * * LOW HITPOINT WARNING * * *
Unknown command.
You hit the komodo dragon.
The komodo dragon is lightly wounded.
The komodo dragon bites you but does no damage.
You hit the komodo dragon.
The komodo dragon is lightly wounded.
The komodo dragon bites you!
* * * LOW HITPOINT WARNING * * *
You hit the komodo dragon but do no damage.
The komodo dragon is lightly wounded.
You block the komodo dragon's attack.
Unknown command.
You slash the komodo dragon!
The komodo dragon is heavily wounded.
The komodo dragon bites you!!
You die...

#.. * , * ####.#* ,
,, ,....# #... ,
*#..# ##...# , * *
#..# ##....# * *
##o## ##....#### , ,
#oo# ##........# * ,
, ##l###....)[..#* #
, , **#♣.##.......# #
?..., ,*#..#........#
## ......
##.....##.### ##. *
......, ##....## ##
#.. ...... ###.....##
##..
,......##.....#..##
#...
.....#888#....#..##
#... ,
....#8...8.....#..##
##...
....J8.>.8.....##..##
#>...


You could see a komodo dragon and 3 orcs.

Vanquished Creatures
  Eustachio (D:4)
  Duvessa (D:4)
  An ice beast (D:6)
  A phantom (D:6)
  2 bullfrogs (Sewer)
  Dowan (D:4)
  2 hounds (D:4)
  3 orc wizards (D:5)
  9 adders
  A river rat (Sewer)
  A worm (D:3)
  A dart slug (D:3)
  12 orcs
  A bat (D:3)
  An endoplasm (D:3)
  5 giant cockroaches
  3 goblins
  6 hobgoblins
  4 jackals (D:4)
  2 kobolds
  4 quokkas
  20 ball pythons
  3 frilled lizards
  20 rats
105 creatures vanquished.

Notes
Turn   | Place    | Note
-------+----------+-------------------------------------------
     0 | D:1      | tilp the Meteoran Fighter began the quest for the Orb.
     0 | D:1      | Reached XP level 1. HP: 19/19 MP: 2/2
   181 | D:2      | Reached skill level 1 in Dodging
   181 | D:2      | Reached XP level 2. HP: 26/26 MP: 3/3
   210 | D:3      | Reached XP level 3. HP: 25/31 MP: 4/4
   358 | D:3      | Reached XP level 4. HP: 38/38 MP: 5/5
   485 | D:4      | Found a glowing drain.
   489 | Sewer    | Entered a sewer
   562 | Sewer    | Reached skill level 1 in Stealth
   612 | Sewer    | Reached XP level 5. HP: 36/46 MP: 6/6
   714 | Sewer    | Noticed a bullfrog
   714 | Sewer    | Noticed a bullfrog
   719 | Sewer    | Killed a bullfrog
   720 | Sewer    | Reached XP level 6. HP: 50/52 MP: 7/7
   797 | D:3      | Identified the +5 spear of the People {spect, rF+ Dex+5}
   858 | D:5      | Entered Level 5 of the Dungeon
  1004 | D:4      | Reached XP level 7. HP: 49/59 MP: 8/8
  1046 | D:4      | Noticed Dowan
  1047 | D:4      | Noticed Duvessa
  1054 | D:4      | Killed Duvessa
  1055 | D:4      | Reached skill level 1 in Evocations
  1060 | D:4      | Killed Dowan
  1103 | D:4      | Noticed Eustachio
  1133 | D:4      | Killed Eustachio
  1134 | D:4      | Reached XP level 8. HP: 10/67 MP: 9/9
  1409 | D:5      | Reached skill level 5 in Long Blades
  1409 | D:5      | Reached skill level 5 in Dodging
  1476 | D:5      | HP: 3/67 [orc/+0 hand axe (6)]
  1534 | D:6      | Reached skill level 5 in Fighting
  1615 | D:6      | Found a staircase to the Ecumenical Temple.
  1632 | Temple   | Entered the Ecumenical Temple
  1661 | Temple   | Became a worshipper of Makhleb the Destroyer
  1699 | D:6      | Noticed a komodo dragon
  1713 | D:6      | Slain by a komodo dragon

Illustrated notes

Levels and vault maps discovered:
D:1:      matt_arrival_refuge, layout_loops_cross, serial_rivers,
          chequers_serial_rivers_small_b, chequers_serial_rivers_small_b,
          chequers_serial_rivers_micro_b, chequers_serial_rivers_room_b,
          chequers_serial_rivers_room_a, ebering_ecumenical_altar_hall
D:2:      minmay_spotlight, layout_rooms, kennysheep_minor_cross
D:3:      layout_loops_ring, kennysheep_generic_room_4
D:4:      layout_basic, gup_sewer_entry_bowl, minmay_checkerbox, uniq_eustachio,
          uniq_duvessa
D:5:      layout_loops_ring, nicolae_overflow_squiral, guppyfry_shop_venom
D:6:      layout_cave_pods, riverfiend_overflow_shadow_ancestor,
          minmay_temple_entry_statues
D:7:      nzn_winding_woodlands_stair_cross
          [nzn_winding_woodlands_5x15_pathside_ponds,
          nzn_winding_woodlands_center_pierced_h,
          nzn_winding_woodlands_5x15_longhouse,
          nzn_winding_woodlands_5x5_open_star, nzn_winding_woodlands_hourglass,
          nzn_winding_woodlands_5x15_split_checker,
          nzn_winding_woodlands_center_lodge,
          nzn_winding_woodlands_5x15_sawtooth], layout_layer_cave, bloody_trog,
          biasface_ghost_orc_armoury
Temple:   ebering_untended_altars

Skill      XL: |  1  2  3  4  5  6  7  8 |
---------------+-------------------------+-----
Dodging        | 1 2 3 4 5 |  5.3
Shields        | 4 |  4.0
Armour         | 4 |  4.0
Long Blades    | 3 4 5 |  5.3
Stealth        | 1 2 3 |  3.0
Fighting       | 4 5 |  5.1
Evocations     | 2 3 |  3.2

Action                   |  1- 3 |  4- 6 |  7- 9 || total
-------------------------+-------+-------+-------++-------
Melee: Long sword        |    66 |   160 |   142 ||   368
Throw: Boomerang         |       |       |     1 ||     1
Evoke: Wand              |       |       |     2 ||     2
  Use: Scroll            |       |     7 |     2 ||     9
       Potion            |       |     2 |     4 ||     6
Armor: Scale mail        |    37 |     8 |       ||    45
       Chain mail        |       |   268 |   139 ||   407
       Skin              |       |       |     1 ||     1
Dodge: Dodged            |    21 |    75 |    67 ||   163
Block: Buckler           |    14 |    95 |    59 ||   168

Table legend: (Time is in decaauts)
 A = Elapsed time spent in this place.
 B = Non-inter-level travel time spent in this place.
 C = Inter-level travel time spent in this place.
 D = Time resting spent in this place.
 E = Time spent auto-exploring this place.
 F = Levels seen in this place.
 G = Mean time per level.
                   A        B        C        D        E       F      G
               +--------+--------+--------+--------+--------+-----+--------+
         Total |   1860 |   1773 |     87 |      0 |      0 |   9 |  206.7 |
       Dungeon |   1462 |   1387 |     75 |      0 |      0 |   7 |  208.9 |
        Temple |     41 |     29 |     12 |      0 |      0 |   1 |   41.0 |
         Sewer |    356 |    356 |      0 |      0 |      0 |   1 |  356.0 |
               +--------+--------+--------+--------+--------+-----+--------+

Top non-repeatable levels by time:
     D:4: 662 daAuts
   Sewer: 356 daAuts
     D:3: 237 daAuts
     D:6: 185 daAuts
     D:1: 158 daAuts
     D:5: 117 daAuts
     D:2: 98 daAuts
  Temple: 41 daAuts
     D:7: 1 daAuts
